 Dungeon Crawl Stone Soup version 0.13-a0-2496-g11650dd (webtiles) character file.

186 Rycklaryybbe the Insei (level 4, -9/37 HPs)
             Began as a Draconian Monk on July 22, 2013.
             Mangled by a gnoll
             ... wielding a +2,+2 halberd
              (17 damage)
             ... on Level 3 of the Dungeon.
             The game lasted 00:06:50 (3036 turns).

Rycklaryybbe the Insei (Draconian Monk)             Turns: 3036, Time: 00:06:51

HP  -9/37        AC  6     Str 13      XL: 4   Next: 78%
MP   3/3         EV 13     Int 11      God:
Gold 64          SH  0     Dex 14      Spells:  0 memorised,  3 levels left

Res.Fire  : . . .   See Invis. : .     - Unarmed
Res.Cold  : . . .   Warding    : .   (armour unavailable)
Life Prot.: . . .   Conserve   : .   (no shield)
Res.Poison: .       Res.Corr.  : .   (helmet restricted)
Res.Elec. : .       Clarity    : +   p - +0 cloak
Sust.Abil.: . .     Spirit.Shd : .   (no gloves)
Res.Mut.  : .       Stasis     : .   (no boots)
Res.Rott. : .       Flight     : .   t - amulet of clarity {unknown}
Saprovore : . . .                    (no ring)
                                     (no ring)

@: slightly resistant to hostile enchantments, fairly stealthy
A: unfitting armour, AC +5
a: no special abilities


You were on level 3 of the Dungeon.
You were very hungry.

You visited 1 branch of the dungeon, and saw 3 of its levels.

You collected 64 gold pieces.

Inventory:

Hand weapons
 c - a +1,+2 vampiric short sword
 v - a +2,+0 elven short sword of venom
Missiles
 a - 12 poisoned needles
 g - 12 darts (quivered)
Armour
 p - a +0 cloak (worn)
Magical devices
 e - a wand of slowing (0)
Comestibles
 b - 4 bread rations
 o - 2 meat rations
Scrolls
 d - a scroll of blinking {unknown}
 h - a scroll of random uselessness {unknown}
 l - 4 scrolls of teleportation {unknown}
 m - a scroll of amnesia {unknown}
 n - a scroll of summoning {unknown}
 r - 2 scrolls of noise {unknown}
 s - 2 scrolls of identify {unknown}
 u - a scroll of curse armour {unknown}
 x - a scroll of enchant armour {unknown}
 y - a scroll of magic mapping {unknown}
 A - a scroll of curse jewellery {unknown}
 B - a scroll of remove curse {unknown}
Jewellery
 t - an amulet of clarity (around neck) {unknown}
 w - a +4 ring of strength {unknown}
Potions
 f - a potion of agility
 i - 2 potions of curing
 C - a potion of flight


   Skills:
 - Level 3.2 Fighting
 - Level 2.6 Dodging
 - Level 1.7 Stealth
 + Level 6.2 Unarmed Combat


You had 3 spell levels left.
You didn't know any spells.

Dungeon Overview and Level Annotations

Branches:
Dungeon (3/27)

Altars:
Trog


Message History

You feel better.
You hit the orc. You tail-slap the orc.
You kill the orc!
The orc priest glows brightly for a moment.
Things that are here:
an orcish hand axe; an orc corpse The orc priest invokes the aid of Beogh against you.
Something smites you!
* * * LOW HITPOINT WARNING * * *
A hobgoblin comes into view. It is wielding a club.
The hobgoblin shouts!
The hobgoblin hits you with a club.
* * * LOW HITPOINT WARNING * * *
You are feeling very hungry.
The gnoll shouts!
A gnoll comes into view. It is wielding a spear.
The gnoll closely misses you.
You hit the gnoll but do no damage. The hobgoblin completely misses you.
The gnoll hits you with a halberd!
You die...

#.............##..# #.#
#..# .............##..#
#.# #..# ...............#
#.# #..# ...............#
#.# #..# ...............#
#.# #o.#
..............###.# #..#
..................#####%.#
#...####.go..............#
... #.@.....#.....).... .
#.g.....#..........
#.......#..........
#.......#.........#
#.g.....#.........#
#.......#.........#
#.......#.........#
#.......#.........#
#.......#.........#


You could see 2 gnolls, an orc and a hobgoblin.

Vanquished Creatures
  Terence (D:2)
  3 adders (D:3)
  A gnoll (D:3)
  A giant mite (D:3)
  A worm (D:3)
  2 giant geckos
  An ooze (D:2)
  An orc (D:3)
  10 bats
  3 giant cockroaches (D:1)
  6 hobgoblins
  4 jackals (D:1)
  A quokka (D:3)
  A ball python (D:2)
  3 giant newts
  7 goblins
  2 kobolds (D:1)
  6 rats
54 creatures vanquished.

Notes
Turn   | Place    | Note
--------------------------------------------------------------
     0 | D:1      | Rycklaryybbe, the Draconian Monk, began the quest for the Orb.
     0 | D:1      | Reached XP level 1. HP: 17/17 MP: 0/0
   256 | D:1      | Reached XP level 2. HP: 21/24 MP: 1/1
   732 | D:1      | Reached skill level 5 in Unarmed Combat
   745 | D:1      | Reached XP level 3. HP: 28/30 MP: 2/2
  1398 | D:2      | Found a bloodstained altar of Trog.
  1722 | D:2      | Noticed Terence
  1753 | D:2      | Killed Terence
  2027 | D:3      | Reached XP level 4. HP: 35/37 MP: 3/3
  2372 | D:3      | Reached skill level 6 in Unarmed Combat
  3036 | D:3      | Mangled by a gnoll

Action                   |  1- 3 |  4- 6 || total
-------------------------+-------+-------++-------
Melee: Unarmed           |   133 |    26 ||   159
       Short sword       |    16 |    32 ||    48
  Use: Potion            |     3 |     3 ||     6
 Stab: Sleeping          |     4 |       ||     4
